General information
- name: BNet
- type: Ladder team game (AT/RT)
- host: Battle.net
- saver: Ze.Rath3isaFaig
map: MarketSquare
- players: 8
- length: 19:06
- speed: Fast
- version: 1.24 W3XP
- replay type: Public
» download(186 KB)
Players
team 1 (loser)
ct-chinastar (
red | 81 APM | 1496 actions | 18:28)
3 Death Knight
2 Death Coil
1 Unholy Aura
2 Lich
1 Frost Nova
1 Frost Armor
» actions
| Assign group hotkey | 21 | |
| Basic commands | 17 | |
| Build / train | 49 | |
| ESC pressed | 1 | |
| Enter build submenu | 13 | |
| Enter hero's abilities submenu | 6 | |
| Remove unit from queue | 1 | |
| Right click | 816 | |
| Select / deselect | 195 | |
| Select group hotkey | 315 | |
| Use ability | 62 | |
1496 total
» units
| Acolyte | 7 | |
| Ghoul | 8 | |
| Crypt Fiend | 9 | |
| Obsidian Statue | 1 | |
| Abomination | 2 | |
27 total
» upgrades
| Burrow | 1 | |
| Web | 1 | |
| Creature Attack | 1 | |
| Creature Carapace | 1 | |
| Destroyer Form | 1 | |
5 total
» buildings
| Graveyard | 1 | |
| Crypt | 1 | |
| Altar of Darkness | 1 | |
| Ziggurat | 5 | |
| Tomb of Relics | 1 | |
| Nerubian Tower | 1 | |
| Halls of the Dead | 1 | |
| Spirit Tower | 1 | |
| Slaughterhouse | 2 | |
| Black Citadel | 1 | |
| Sacrificial Pit | 1 | |
| Boneyard | 1 | |
17 total
» build order
00:05 Graveyard
00:21 Crypt
00:41 Altar of Darkness
01:05 Ziggurat
01:38 Tomb of Relics
04:02 Ziggurat
05:19 Ziggurat
06:42 Nerubian Tower
07:07 Halls of the Dead
07:50 Ziggurat
08:25 Spirit Tower
09:55 Ziggurat
10:24 Slaughterhouse
12:14 Black Citadel
12:15 Sacrificial Pit
16:46 Boneyard
17:05 Slaughterhouse
» items
| Rod of Necromancy | 2 | |
| Potion of Healing | 1 | |
| Potion of Mana | 1 | |
| Scroll of Town Portal | 1 | |
5 total

»
firezibo (
orange | 72 APM | 1365 actions | 19:02)
4 Priestess of the Moon
2 Searing Arrows
2 Trueshot Aura
3 Dark Ranger
1 Black Arrow
2 Silence
» actions
| Assign group hotkey | 19 | |
| Basic commands | 110 | |
| Build / train | 56 | |
| Enter build submenu | 12 | |
| Enter hero's abilities submenu | 7 | |
| Right click | 440 | |
| Select / deselect | 282 | |
| Select group hotkey | 400 | |
| Use ability | 39 | |
1365 total
» units
| Wisp | 21 | |
| Archer | 12 | |
| Hippogryph | 7 | |
40 total
» upgrades
| Improved Bows | 1 | |
| Hippogryph Taming | 1 | |
| Strength of the Moon | 1 | |
3 total
» buildings
| Moon Well | 6 | |
| Altar of Elders | 1 | |
| Ancient of War | 2 | |
| Tree of Ages | 1 | |
| Ancient of Wind | 2 | |
| Hunter's Hall | 1 | |
| Tree of Life | 1 | |
14 total
» build order
00:22 Moon Well
00:32 Altar of Elders
01:04 Ancient of War
01:28 Moon Well
01:54 Moon Well
02:05 Ancient of War
03:27 Moon Well
05:11 Tree of Ages
09:35 Ancient of Wind
09:35 Ancient of Wind
10:05 Hunter's Hall
10:10 Moon Well
10:14 Moon Well
15:55 Tree of Life
» items
| Rod of Necromancy | 1 | |
| Scroll of Town Portal | 2 | |
3 total

»
Reknight (
green | 68 APM | 1294 actions | 19:04)
3 Keeper of the Grove
1 Force of Nature
2 Entangling Roots
2 Dark Ranger
1 Black Arrow
1 Life Drain
» actions
| Assign group hotkey | 28 | |
| Build / train | 55 | |
| Enter build submenu | 18 | |
| Enter hero's abilities submenu | 5 | |
| Remove unit from queue | 1 | |
| Right click | 664 | |
| Select / deselect | 442 | |
| Select group hotkey | 13 | |
| Use ability | 68 | |
1294 total
» units
» upgrades
| Strength of the Moon | 2 | |
| Moon Armor | 2 | |
| Ultravision | 1 | |
| Improved Bows | 1 | |
| Marksmanship | 1 | |
7 total
» buildings
| Moon Well | 6 | |
| Altar of Elders | 1 | |
| Ancient of War | 3 | |
| Hunter's Hall | 1 | |
| Ancient of Wonders | 2 | |
| Tree of Ages | 1 | |
| Tree of Eternity | 1 | |
| Ancient of Wind | 1 | |
| Chimaera Roost | 2 | |
| Tree of Life | 1 | |
19 total
» build order
00:13 Moon Well
00:35 Altar of Elders
01:12 Ancient of War
01:25 Ancient of War
02:03 Moon Well
02:08 Moon Well
04:01 Hunter's Hall
05:18 Ancient of Wonders
07:30 Tree of Ages
10:15 Moon Well
11:36 Ancient of War
13:20 Tree of Eternity
13:22 Ancient of Wind
13:44 Moon Well
14:37 Moon Well
15:01 Ancient of Wonders
16:21 Chimaera Roost
16:24 Chimaera Roost
18:04 Tree of Life
» items
| Moonstone | 1 | |
| Lesser Clarity Potion | 2 | |
| Scroll of Town Portal | 3 | |
| Potion of Healing | 1 | |
| Scroll of Healing | 1 | |
8 total

»
rehab (
blue | 79 APM | 1484 actions | 18:42)
4 Death Knight
2 Death Coil
2 Unholy Aura
1 Lich
1 Frost Nova
» actions
| Assign group hotkey | 17 | |
| Basic commands | 14 | |
| Build / train | 45 | |
| ESC pressed | 6 | |
| Enter build submenu | 27 | |
| Enter hero's abilities submenu | 5 | |
| Right click | 810 | |
| Select / deselect | 297 | |
| Select group hotkey | 203 | |
| Use ability | 60 | |
1484 total
» units
| Acolyte | 5 | |
| Ghoul | 3 | |
| Crypt Fiend | 9 | |
| Obsidian Statue | 4 | |
21 total
» upgrades
| Burrow | 1 | |
| Creature Attack | 2 | |
| Web | 1 | |
| Destroyer Form | 1 | |
| Creature Carapace | 1 | |
6 total
» buildings
| Graveyard | 1 | |
| Crypt | 1 | |
| Ziggurat | 11 | |
| Altar of Darkness | 2 | |
| Tomb of Relics | 2 | |
| Halls of the Dead | 1 | |
| Spirit Tower | 6 | |
| Slaughterhouse | 1 | |
| Black Citadel | 1 | |
| Necropolis | 1 | |
27 total
» build order
00:03 Graveyard
00:08 Crypt
00:38 Ziggurat
00:56 Ziggurat
01:10 Ziggurat
01:17 Altar of Darkness
01:50 Ziggurat
02:11 Ziggurat
03:07 Ziggurat
03:14 Ziggurat
04:20 Tomb of Relics
04:53 Halls of the Dead
05:28 Spirit Tower
05:29 Spirit Tower
05:29 Spirit Tower
05:38 Spirit Tower
06:08 Ziggurat
07:01 Spirit Tower
07:47 Slaughterhouse
07:51 Altar of Darkness
08:54 Tomb of Relics
09:01 Black Citadel
09:31 Ziggurat
11:48 Ziggurat
14:27 Ziggurat
16:49 Necropolis
» items
| Orb of Corruption | 1 | |
| Scroll of Town Portal | 1 | |
2 total
team 2 (winner)
Boxcarhobo (
yellow | 88 APM | 1671 actions | 19:05)
4 Archmage
2 Summon Water Elemental
2 Brilliance Aura
2 Mountain King
1 Storm Bolt
1 Bash
2 Paladin
1 Holy Light
1 Divine Shield
» actions
| Assign group hotkey | 100 | |
| Basic commands | 46 | |
| Build / train | 86 | |
| Enter build submenu | 27 | |
| Enter hero's abilities submenu | 8 | |
| Give item / drop item | 1 | |
| Right click | 501 | |
| Select / deselect | 465 | |
| Select group hotkey | 343 | |
| Use ability | 94 | |
1671 total
» units
| Peasant | 28 | |
| Footman | 12 | |
| Rifleman | 8 | |
| Sorceress | 2 | |
| Priest | 4 | |
| Dragonhawk Rider | 1 | |
| Gryphon Rider | 2 | |
57 total
» upgrades
| Lumber Harvesting | 1 | |
| Masonry | 1 | |
| Armor | 1 | |
| Priest Training | 2 | |
| Sorceress Training | 1 | |
| Storm Hammers | 1 | |
| Swords | 1 | |
| Animal War Training | 1 | |
9 total
» buildings
| Altar of Kings | 2 | |
| Farm | 10 | |
| Barracks | 2 | |
| Scout Tower | 1 | |
| Arcane Tower | 1 | |
| Lumber Mill | 1 | |
| Arcane Vault | 1 | |
| Town Hall | 1 | |
| Keep | 2 | |
| Blacksmith | 1 | |
| Arcane Sanctum | 1 | |
| Gryphon Aviary | 2 | |
| Castle | 1 | |
26 total
» build order
00:20 Altar of Kings
00:24 Farm
00:30 Altar of Kings
00:54 Farm
00:57 Barracks
01:39 Scout Tower
01:55 Farm
02:06 Farm
02:20 Arcane Tower
02:46 Lumber Mill
03:20 Arcane Vault
04:00 Town Hall
05:20 Keep
05:20 Keep
05:42 Blacksmith
07:51 Arcane Sanctum
09:26 Farm
09:27 Farm
09:29 Farm
10:29 Gryphon Aviary
11:41 Castle
11:44 Gryphon Aviary
11:53 Farm
14:47 Barracks
16:02 Farm
18:06 Farm
» items
| Scroll of Regeneration | 3 | |
| Scroll of Town Portal | 2 | |
5 total
hi0291675482910 (
teal | 109 APM | 2078 actions | 19:05)
3 Archmage
1 Summon Water Elemental
1 Blizzard
1 Brilliance Aura
2 Blood Mage
1 Flame Strike
1 Siphon Mana
» actions
| Assign group hotkey | 64 | |
| Basic commands | 81 | |
| Build / train | 104 | |
| Enter build submenu | 26 | |
| Enter hero's abilities submenu | 5 | |
| Remove unit from queue | 2 | |
| Right click | 947 | |
| Select / deselect | 361 | |
| Select group hotkey | 411 | |
| Use ability | 77 | |
2078 total
» units
| Peasant | 31 | |
| Sorceress | 1 | |
| Mortar Team | 6 | |
| Flying Machine | 8 | |
46 total
» upgrades
| Masonry | 3 | |
| Sorceress Training | 1 | |
| Lumber Harvesting | 1 | |
| Gunpowder | 3 | |
| Flak Cannons | 1 | |
| Plating | 1 | |
10 total
» buildings
| Altar of Kings | 1 | |
| Farm | 12 | |
| Scout Tower | 8 | |
| Lumber Mill | 1 | |
| Arcane Tower | 4 | |
| Arcane Vault | 1 | |
| Guard Tower | 7 | |
| Keep | 3 | |
| Blacksmith | 1 | |
| Town Hall | 1 | |
| Arcane Sanctum | 1 | |
| Castle | 2 | |
| Workshop | 3 | |
45 total
» build order
00:03 Altar of Kings
00:30 Farm
02:38 Scout Tower
02:53 Farm
03:18 Lumber Mill
03:31 Arcane Tower
03:34 Scout Tower
03:38 Arcane Vault
03:59 Arcane Tower
04:16 Scout Tower
04:19 Scout Tower
04:22 Farm
05:03 Guard Tower
05:07 Scout Tower
05:09 Scout Tower
05:40 Keep
05:40 Keep
06:00 Guard Tower
06:01 Guard Tower
06:24 Blacksmith
06:58 Scout Tower
07:02 Scout Tower
07:30 Guard Tower
07:43 Guard Tower
07:44 Guard Tower
08:02 Town Hall
08:21 Arcane Sanctum
09:01 Farm
09:02 Farm
11:35 Castle
11:59 Workshop
12:01 Workshop
12:04 Workshop
13:55 Farm
13:59 Farm
14:00 Farm
14:01 Farm
14:02 Farm
18:19 Farm
18:29 Farm
» items
| Scroll of Regeneration | 2 | |
| Lesser Clarity Potion | 2 | |
| Tome of Retraining | 1 | |
| Potion of Invisibility | 1 | |
| Staff of Teleportation | 3 | |
| Boots of Speed | 1 | |
| Potion of Lesser Invulnerability | 1 | |
| Potion of Healing | 1 | |
| Scroll of Town Portal | 1 | |
13 total
Ze.Rath3isaFaig (
purple | 101 APM | 1931 actions | 19:06)
5 Firelord
2 Summon Lava Spawn
3 Incinerate
5 Dark Ranger
3 Black Arrow
2 Silence
» actions
| Assign group hotkey | 26 | |
| Basic commands | 619 | |
| Build / train | 72 | |
| Enter build submenu | 14 | |
| Enter hero's abilities submenu | 10 | |
| Right click | 488 | |
| Select / deselect | 343 | |
| Select group hotkey | 307 | |
| Use ability | 52 | |
1931 total
» units
| Wisp | 11 | |
| Archer | 10 | |
| Druid of the Talon | 9 | |
| Dryad | 6 | |
36 total
» upgrades
| Improved Bows | 1 | |
| Strength of the Moon | 1 | |
| Moon Armor | 1 | |
| Strength of the Wild | 2 | |
| Reinforced Hides | 1 | |
| Marksmanship | 1 | |
7 total
» buildings
| Ancient of War | 2 | |
| Altar of Elders | 1 | |
| Moon Well | 6 | |
| Tree of Ages | 2 | |
| Hunter's Hall | 1 | |
| Ancient of Lore | 2 | |
| Ancient of Wind | 1 | |
| Tree of Eternity | 1 | |
16 total
» build order
01:00 Ancient of War
01:03 Altar of Elders
01:08 Moon Well
02:29 Ancient of War
02:31 Moon Well
03:30 Tree of Ages
03:30 Tree of Ages
04:01 Moon Well
05:25 Hunter's Hall
07:44 Ancient of Lore
07:46 Ancient of Wind
07:57 Moon Well
09:18 Ancient of Lore
10:20 Tree of Eternity
11:37 Moon Well
12:12 Moon Well
» items
| Scroll of Protection | 1 | |
| Scroll of Healing | 1 | |
| Scroll of Town Portal | 2 | |
| Orb of Fire | 1 | |
| Scroll of Regeneration | 1 | |
6 total
CrackFox (
pink | 36 APM | 680 actions | 19:05)
3 Goblin Tinker
1 Pocket Factory
2 Engineering Upgrade
» actions
| Basic commands | 1 | |
| Build / train | 52 | |
| ESC pressed | 5 | |
| Enter build submenu | 21 | |
| Enter hero's abilities submenu | 3 | |
| Give item / drop item | 1 | |
| Remove unit from queue | 1 | |
| Right click | 336 | |
| Select / deselect | 222 | |
| Use ability | 38 | |
680 total
» units
| Wisp | 18 | |
| Huntress | 8 | |
| Chimaera | 4 | |
| Hippogryph | 1 | |
31 total
» upgrades
| Druid of the Talon Training | 1 | |
| Backpack | 1 | |
| Well Spring | 1 | |
| Strength of the Wild | 1 | |
| Reinforced Hides | 1 | |
| Corrosive Breath | 1 | |
6 total
» buildings
| Moon Well | 6 | |
| Altar of Elders | 1 | |
| Ancient of War | 1 | |
| Hunter's Hall | 1 | |
| Ancient of Wonders | 1 | |
| Tree of Ages | 1 | |
| Ancient of Wind | 2 | |
| Tree of Eternity | 1 | |
| Ancient Protector | 1 | |
| Chimaera Roost | 3 | |
| Tree of Life | 1 | |
19 total
» build order
00:12 Moon Well
00:17 Altar of Elders
01:29 Ancient of War
01:39 Hunter's Hall
01:54 Moon Well
02:33 Ancient of Wonders
03:57 Tree of Ages
05:35 Moon Well
06:41 Ancient of Wind
07:39 Tree of Eternity
07:43 Ancient of Wind
07:50 Moon Well
08:54 Ancient Protector
10:09 Chimaera Roost
10:54 Chimaera Roost
11:47 Chimaera Roost
15:56 Tree of Life
16:15 Moon Well
17:19 Moon Well
» items
| Scroll of Regeneration | 1 | |
| Lesser Clarity Potion | 1 | |
| Scroll of Town Portal | 3 | |
| Potion of Healing | 1 | |
| Orb of Venom | 1 | |
7 total
Chat log
(00:09 / All) firezibo: oh hello teal
(00:09 / All) Boxcarhobo: when did they change the name of elves?
(00:17 / All) ct-chinastar: playing this one hi?
(00:23 / All) hi0291675482910: it wont last long
(00:33 / Allies) Ze.Rath3isaFaig: are you towering?
(00:35 / Allies) hi0291675482910: no
(00:37 / Allies) hi0291675482910: cant afford it
(00:42 / Allies) Ze.Rath3isaFaig: i can feed you
(00:46 / Allies) hi0291675482910: dont bother
(01:18 / All) ct-chinastar: goog build towers
(01:26 / All) ct-chinastar: aw
(01:48 / Allies) Ze.Rath3isaFaig: going tavern
(01:58 / Allies) Ze.Rath3isaFaig: blue doesn't even have an altar yet lol
(02:06 / Allies) Ze.Rath3isaFaig: ty
(04:07 / Allies) Ze.Rath3isaFaig: you shoudl come with us
(04:09 / Allies) Ze.Rath3isaFaig: blu eis fucked
(04:17 / Allies) Boxcarhobo: clearing gold mines for us
(04:22 / Allies) Ze.Rath3isaFaig: k then we go
(04:32 / Allies) Ze.Rath3isaFaig: tp there when you're done
(04:46 / Allies) Ze.Rath3isaFaig: kotg
(05:28 / Allies) Ze.Rath3isaFaig: love the firelord
(07:12 / Allies) Ze.Rath3isaFaig: share again
(07:14 / Allies) Ze.Rath3isaFaig: need my othe rhero please
(07:51 / Allies) Ze.Rath3isaFaig: i say we tak emiddle
(07:53 / Allies) Ze.Rath3isaFaig: then go back1
(09:36 / Allies) Ze.Rath3isaFaig: han gong
(09:44 / Allies) Ze.Rath3isaFaig: tp now yellow
(10:14 / Allies) Ze.Rath3isaFaig: come we og
(10:54 / Allies) Ze.Rath3isaFaig: don't run in
(10:55 / Allies) Ze.Rath3isaFaig: don't chase
(11:23 / Allies) Ze.Rath3isaFaig: out
(12:17 / Allies) hi0291675482910: i got
(12:18 / Allies) hi0291675482910: coptors
(12:37 / Allies) Ze.Rath3isaFaig: get in your base dude
(13:29 / Allies) Ze.Rath3isaFaig: don't gith yet
(13:31 / Allies) Ze.Rath3isaFaig: we wait for pink
(13:32 / Allies) Ze.Rath3isaFaig: to tp
(14:08 / Allies) Boxcarhobo: you coming or not
(14:10 / Allies) Ze.Rath3isaFaig: k pink tp when your last couple of chims tp out
(14:15 / Allies) Ze.Rath3isaFaig: they almoust out?
(14:19 / Allies) CrackFox: yea
(14:20 / Allies) CrackFox: 1 sec
(14:42 / Allies) Ze.Rath3isaFaig: goign
(15:05 / Allies) Ze.Rath3isaFaig: forcing tp
(16:28 / Allies) hi0291675482910: b
(16:52 / Allies) Ze.Rath3isaFaig: gj
(17:03 / Allies) Ze.Rath3isaFaig: coming teal
(17:04 / Allies) Ze.Rath3isaFaig: don't go yet
(17:08 / Allies) Ze.Rath3isaFaig: yellow you got atp?
(17:25 / Allies) Ze.Rath3isaFaig: ALL TP TO TEAL NOW!
(18:02 / All) ct-chinastar: wp
(18:05 / Allies) Ze.Rath3isaFaig: can you bolt it
(18:45 / All) Ze.Rath3isaFaig: gg
(18:57 / All) firezibo: gg
(18:57 / Allies) CrackFox: gj
(18:59 / All) CrackFox: gg